 Dungeon Crawl Stone Soup version 0.28-b1-25-g9875b3fc8c (webtiles) character file.

Game seed: 13854425172426491001

2916 sanka the Nimble (level 10, 0/60 HPs)
             Began as a Kobold Warper on Feb 7, 2022.
             Was a Follower of Vehumet.
             Killed from afar by Erica (18 damage)
             ... with a bolt of poison
             ... on level 7 of the Dungeon.
             The game lasted 00:20:04 (13076 turns).

sanka the Nimble (Kobold Warper)                   Turns: 13076, Time: 00:20:05

Health: 0/60       AC:  5    Str: 10    XL:     10   Next: 6%
Magic:  10/14      EV: 18    Int: 21    God:    Vehumet [*.....]
Gold:   464        SH:  5    Dex: 14    Spells: 13/15 levels left

rFire   . . .      SeeInvis .   a - +1 flail (vorpal)
rCold   . . .      Faith    .   (no shield)
rNeg    + . .      Spirit   .   b - +0 leather armour
rPois   .          Reflect  +   l - +0 helmet {Int+3}
rElec   .          Harm     .   h - +0 cloak
rCorr   .          Rampage  .   (no gloves)
Will    .....                   (no boots)
Stlth   ++........              k - amulet of reflection
HPRegen 0.20/turn               g - ring of positive energy
MPRegen 0.14/turn               (no ring)

@: lethally poisoned (0 -> -15), slowed, very slow
A: small, no large weapons, nightstalker 3
a: Renounce Religion


You were on level 7 of the Dungeon.
You worshipped Vehumet.
Vehumet was aware of your devotion.
You visited 2 branches of the dungeon, and saw 9 of its levels.
You also visited: Ossuary.

You collected 464 gold pieces.

Inventory:

Hand Weapons
 a - a +1 vorpal flail (weapon)
 C - a +2 mace of draining
Missiles
 d - 5 boomerangs of dispersal
 y - a boomerang
Armour
 b - a +0 leather armour (worn)
 h - a +0 cloak (worn)
 l - a +0 helmet of intelligence (worn)
Jewellery
 g - a ring of positive energy (left hand)
 k - an amulet of reflection (around neck)
Wands
 o - a wand of flame (18)
 D - a wand of digging (7)
Scrolls
 c - 2 scrolls of blinking
 j - a scroll of summoning
 m - a scroll of amnesia
 n - 3 scrolls of enchant weapon
 p - 3 scrolls of noise
 q - 2 scrolls of vulnerability
 s - 4 scrolls of fear
 x - a scroll of fog {unknown}
 B - 6 scrolls of teleportation
 E - a scroll of magic mapping {unknown}
 H - a scroll of torment {unknown}
 I - a scroll of acquirement {unknown}
Potions
 e - a potion of resistance {unknown}
 f - a potion of magic {unknown}
 i - a potion of ambrosia {unknown}
 r - a potion of heal wounds {unknown}
 t - 5 potions of mutation
 u - 2 potions of flight {unknown}
 v - a potion of invisibility {unknown}
 w - 3 potions of cancellation {unknown}
 z - a potion of attraction {unknown}
 A - a potion of might {unknown}
 G - a potion of curing


   Skills:
 - Level 6.0 Fighting
 - Level 5.0 Maces & Flails
 - Level 1.1 Throwing
 - Level 0.7 Armour
 - Level 10.0 Dodging
 - Level 3.0 Spellcasting
 - Level 3.0 Translocations
 + Level 5.7 Air Magic
 - Level 4.0 Poison Magic


You had 13 spell levels left.
You knew the following spells:

 Your Spells              Type           Power      Damage    Failure   Level
a - Poisonous Vapours     Pois/Air       46%        N/A       3%          2

Your spell library contained the following spells:

 Spells                   Type           Power      Damage    Failure   Level
 Sandblast                Erth           6%         2d5       19%         1
 Blink                    Tloc           30%        N/A       8%          2
 Corpse Rot               Necr/Air       30%        N/A       9%          2
 Mephitic Cloud           Conj/Pois/Air  16%        N/A       14%         3
 Gell's Gravitas          Tloc           15%        N/A       16%         3
 Lesser Beckoning         Tloc           15%        N/A       16%         3
 Teleport Other           Tloc           15%        N/A       16%         3
 Ignite Poison            Fire/Tmut/Pois 8%         N/A       32%         3
 Summon Lightning Spire   Summ/Air       15%        N/A       50%         4
 Manifold Assault         Tloc           15%        N/A       82%         5
 Freezing Cloud           Conj/Ice/Air   5%         6-21      93%         5
 Storm Form               Tmut/Air       7%         N/A       100%        7
 Maxwell's Capacitive Co  Air            13%        ∞         100%        8


Dungeon Overview and Level Annotations

Branches:
Dungeon (8/15)             Temple (1/1) D:4         Ossuary (visited)
   Lair: D:8-11

Altars:
Ashenzari
Cheibriados
Elyvilon
Fedhas
Gozag
Hepliaklqana
Kikubaaqudgha
Makhleb
Nemelex Xobeh
Okawaru
Qazlal
Ru
Sif Muna
Trog
Uskayaw
Vehumet
Wu Jian
Xom
Yredelemnul
Zin
The Shining One

Shops:
D:4 *

Annotations:
D:7 Erica


Innate Abilities, Weirdness & Mutations

You are small and have problems with some larger weapons.
You are completely attuned to the shadows.


Message History

Erica is severely wounded.
Erica gestures at you while chanting. The bolt of poison misses you.
Erica hits you with a +1 scimitar of flaming!
Erica burns you.
Unknown command.
You closely miss Erica.
Erica is severely wounded.
Erica gestures at you while chanting. You resist with significant effort.
Erica gestures at you while chanting. You resist with significant effort.
Unknown command.
You barely miss Erica.
Erica is severely wounded.
You block Erica's attack.
You hit Erica but do no damage.
Erica is severely wounded.
Erica mumbles some strange words.
Erica flickers and vanishes!
Deactivating autopickup; reactivate with Ctrl-A.
You hear some strange, mumbled words.
A lance of force appears from out of thin air!
The lance of force misses you.
Casting: Poisonous Vapours (safe; 3% risk of failure)
Confirm with . or Enter, or press ? or * to list all spells.
Aiming: Poisonous Vapours (safe; 3% risk of failure)
Press: ? - help, Dir - move target Poisonous vapours surround something!
Something hits you! Something burns you.
You hear some strange, mumbled words.
A lance of force appears from out of thin air!
The lance of force hits you!
* * * LOW HITPOINT WARNING * * *
You are knocked back by the lance of force.
You feel better.
You hear some strange, mumbled words.
A bolt of poison appears from out of thin air!
The bolt of poison hits you!!
You are poisoned.
You die...

#.#..# #.####<######....
##.#..# #.# #.# ###....
......# #.# #.# #......
##.#.## ##.#
#)####.#.... ##.#.# #[.#
#..........# )....# #.##
##.#.#.#.#..# ...###
#######.####...........#
####
#......#......#..>..#..#
#.#####@#####.[........#
#.# #........#.....#..#
#.# #..#####...........
##########.# #..#
#..#.#.#.#...
.).........# #{.#
#............
..........#####>.#
#..#..<......
##.##............#
##.#.#######.
#.##.....######.# #.#.#
#. #.##.....#
#.#####.#.#######.


There were no monsters in sight!

Vanquished Creatures
  A two-headed ogre (D:7)
  2 orc warriors
  A black bear (D:6)
  An ice beast (D:8)
  4 ogres
  2 centaurs
  Blork the orc (D:5)
  3 scorpions
  A water moccasin zombie (D:5)
  A howler monkey (D:5)
  3 bullfrog zombies
  A jelly (D:4)
  2 bullfrog skeletons
  A human zombie (Ossuary)
  5 orc priests
  3 hounds
  2 centaur skeletons (D:7)
  3 iguanas
  7 orc wizards
  A killer bee zombie (D:8)
  6 mummies (Ossuary)
  3 howler monkey zombies
  9 gnolls
  6 adders
  A white imp (D:7)
  An adder skeleton (D:4)
  2 worms (D:2)
  14 orcs
  7 endoplasms
  5 giant cockroaches
  2 gnoll zombies (Ossuary)
  10 goblins
  7 hobgoblins
  5 kobolds
  5 quokkas
  11 ball pythons
  8 bats
  4 frilled lizards
  2 goblin zombies (Ossuary)
  A hobgoblin zombie (Ossuary)
  2 orc zombies (Ossuary)
  A quokka skeleton (D:2)
  8 rats
  A spectral goblin (D:1)
166 creatures vanquished.

Notes
Turn   | Place    | Note
-------+----------+-------------------------------------------
     0 | D:1      | sanka the Kobold Warper began the quest for the Orb.
     0 | D:1      | Reached XP level 1. HP: 12/12 MP: 3/3
   441 | D:1      | Reached XP level 2. HP: 17/17 MP: 5/5
   744 | D:1      | Reached XP level 3. HP: 21/21 MP: 6/6
  1499 | D:1      | Found a faded altar of an unknown god.
  2107 | D:2      | Reached XP level 4. HP: 11/26 MP: 7/7
  3829 | D:3      | Reached XP level 5. HP: 6/30 MP: 8/8
  4306 | D:3      | Learned a level 2 spell: Poisonous Vapours
  4882 | D:3      | Found a hazy altar of Hepliaklqana.
  5221 | D:4      | Found an opulent altar of Gozag.
  5270 | D:4      | Found Gozag's Platinum Reserve.
  5432 | D:4      | Found a glowing golden altar of the Shining One.
  5448 | D:4      | Reached skill level 5 in Maces & Flails
  5448 | D:4      | Reached XP level 6. HP: 30/35 MP: 9/9
  5450 | D:4      | Found a white marble altar of Elyvilon.
  5515 | D:3      | Reached skill level 1 in Poison Magic
  5553 | D:4      | Reached skill level 1 in Air Magic
  5584 | D:4      | Found a sand-covered staircase.
  5731 | Ossuary  | Entered an ossuary
  6076 | Ossuary  | Reached skill level 3 in Dodging
  6853 | D:4      | Found an ornate altar of the Wu Jian Council.
  6859 | D:4      | Noticed a spectral centipede
  6859 | D:4      | Noticed a spectral black mamba
  6859 | D:4      | Noticed a spectral cane toad
  6887 | D:4      | Found a staircase to the Ecumenical Temple.
  6893 | Temple   | Entered the Ecumenical Temple
  7006 | Temple   | Became a worshipper of Vehumet
  7147 | D:4      | Reached XP level 7. HP: 32/40 MP: 6/11
  7907 | D:5      | Entered Level 5 of the Dungeon
  8176 | D:5      | Noticed Blork the orc
  8209 | D:5      | Killed Blork the orc
  8210 | D:5      | Reached XP level 8. HP: 22/45 MP: 6/12
  8561 | D:5      | Found an ancient bone altar of Kikubaaqudgha.
  8934 | D:5      | Reached skill level 4 in Dodging
  8976 | D:5      | Reached skill level 5 in Dodging
  9766 | D:5      | Reached skill level 6 in Dodging
 10303 | D:6      | Reached XP level 9. HP: 34/53 MP: 1/13
 10591 | D:6      | Reached skill level 5 in Fighting
 10882 | D:7      | Reached skill level 7 in Dodging
 11470 | D:7      | Noticed a two-headed ogre
 11497 | D:7      | Killed a two-headed ogre
 11498 | D:7      | Reached skill level 9 in Dodging
 12046 | D:8      | Reached skill level 10 in Dodging
 12243 | D:8      | Found a basalt altar of Yredelemnul.
 12514 | D:8      | Reached * piety under Vehumet
 12514 | D:8      | Offered knowledge of Sandblast by Vehumet.
 12629 | D:8      | Reached skill level 5 in Air Magic
 12629 | D:8      | Reached XP level 10. HP: 48/60 MP: 12/14
 12907 | D:8      | Noticed Erica
 13076 | D:7      | Killed from afar by Erica

Illustrated notes

Levels and vault maps discovered:
D:1:      saegor_arrival_simple_b, layout_loops_ring,
          dreamdust_ecumenical_altar_drowned_temple, minmay_bisected
D:2:      wad_crossroads, layout_loops_corners, minmay_split_cup_large
D:3:      layout_loops_corners, mainiacjoe_overflow_brackets
D:4:      minmay_evil_eye, layout_cave_pools, pdpol_wu_jian_five_deadly_venoms,
          nicolae_gozag_zags_fifth_avenue, jmf_multi_god_temple,
          minmay_temple_entry_poolview, nicolae_ossuary_entry_plus,
          hangedman_abyss_or_decor_lesser_grid
D:5:      layout_cave_pools, tgw_kikubaaqudgha, guppyfry_early_orc_mine,
          uniq_blork_the_orc
D:6:      layout_rooms
D:7:      layout_loops_ring, st_stairs_2
D:8:      layout_basic, mainiacjoe_overflow_concentric_impassable,
          yredelemnul_altar_generic, uniq_erica, uniq_maurice
Temple:   eino_temple_lava

Skill      XL: |  1  2  3  4  5  6  7  8  9 |
---------------+----------------------------+-----
Maces & Flails | 2 3 4 5 |  5.0
Poison Magic   | 1 3 4 |  4.0
Air Magic      | 1 3 4 5 |  5.7
Dodging        | 3 6 10 | 10.0
Spellcasting   | 3 |  3.0
Fighting       | 4 6 |  6.0
Throwing       | |  1.1
Armour         | |  0.7
Translocations | |  3.0

Action                   |  1- 3 |  4- 6 |  7- 9 | 10-12 || total
-------------------------+-------+-------+-------+-------++-------
Melee: Mace              |   147 |   166 |       |       ||   313
       Punch             |     1 |     5 |     4 |       ||    10
       Flail             |       |   128 |   200 |    27 ||   355
 Cast: Poisonous Vapours |       |    12 |   104 |    19 ||   135
  Use: Scroll            |       |     3 |     3 |       ||     6
       Potion            |       |     2 |     1 |     2 ||     5
 Stab: Sleeping          |    13 |    11 |     3 |     1 ||    28
       Distracted        |       |     1 |     1 |       ||     2
Armor: Leather armour    |    52 |    30 |    28 |     4 ||   114
Dodge: Dodged            |   131 |   162 |   171 |    27 ||   491
Block: Other             |     5 |    56 |    37 |    10 ||   108
       Reflection        |       |       |     2 |       ||     2
